 Seeded DCSS version 0.28-a0-1199-gef9e1dbd39 (webtiles) character file.

Game seed: 4018878354053487559 (custom seed)

9 croobank the Chopper (level 2, -1/24 HPs)
             Began as a Human Cinder Acolyte on Dec 19, 2021.
             Was a High Priest of Ignis.
             Hit by a stone thrown by a kobold (3 damage)
             ... on level 1 of the Dungeon.
             The game lasted 00:01:27 (331 turns).

croobank the Chopper (Human Cinder Acolyte)          Turns: 331, Time: 00:01:28

Health: -1/24      AC:  2    Str: 14    XL:     2   Next: 20%
Magic:  1/3        EV: 11    Int: 14    God:    Ignis [*****.]
Gold:   9          SH:  0    Dex:  8    Spells: 1/3 levels left

rFire   + . .      SeeInvis .   a - -1 hand axe (flame)
rCold   . . .      Faith    .   (no shield)
rNeg    . . .      Spirit   .   b - +0 robe
rPois   .          Reflect  .   (no helmet)
rElec   .          Harm     .   (no cloak)
rCorr   .          Rampage  .   (no gloves)
Will    .....                   (no boots)
Stlth   +.........              (no amulet)
HPRegen 0.08/turn               (no ring)
MPRegen 0.08/turn               (no ring)

@: no status effects
A: no striking features
a: Renounce Religion, Fiery Armour, Foxfire Swarm, Rising Flame


You were on level 1 of the Dungeon.
You worshipped Ignis.
Ignis was extremely pleased with you.
You visited 1 branch of the dungeon, and saw 1 of its levels.

You collected 9 gold pieces.

Inventory:

Hand Weapons
 a - a -1 hand axe of flaming (weapon)
Missiles
 e - 29 stones (quivered)
Armour
 b - a +0 robe (worn)
Scrolls
 c - a scroll of identify {identify, unknown}
Potions
 d - a potion of curing {unknown}


   Skills:
 + Level 3.1 Fighting
 + Level 3.1 Axes
 + Level 1.2 Spellcasting
 + Level 3.1 Fire Magic


You had one spell level left.
You knew the following spells:

 Your Spells              Type           Power      Damage    Failure   Level
a - Scorch                Fire           18%        2d6       11%         2

Your spell library contained the following spells:

 Spells                   Type           Power      Damage    Failure   Level
 Slow                     Hex            0%         N/A       26%         1
 Confusing Touch          Hex            0%         N/A       61%         3
 Vampiric Draining        Necr           0%         2d6       61%         3


Dungeon Overview and Level Annotations

Branches:
Dungeon (1/15)

Altars:


Message History

You don't have enough magic to cast this spell.
You hit the bat. You burn the bat.
You kill the bat!
A bat and a kobold come into view.
The kobold is wielding a +2 whip of freezing.
The kobold shouts!
The bat completely misses you.
You barely miss the bat. The bat barely misses you.
The kobold throws a stone.
The stone barely misses you. The bat hits you but does no damage.
The bat hits you. The bat closely misses you.
The kobold hits you with a +2 whip of freezing!
The kobold freezes you.
You see here 11 gold pieces.
Casting: Scorch (safe; 11% risk of failure)
Confirm with . or Enter, or press ? or * to list all spells.
Flames lash the bat.
You kill the bat!
The kobold barely misses you.
You closely miss the kobold. The kobold hits you but does no damage.
You hit the kobold but do no damage.
The kobold hits you with a +2 whip of freezing.
The kobold freezes you.
* * * LOW HITPOINT WARNING * * *
You closely miss the kobold.
The kobold hits you with a +2 whip of freezing.
* * * LOW HITPOINT WARNING * * *
The kobold freezes you.
* * * LOW HITPOINT WARNING * * *
The kobold throws a stone.
The stone hits you.
* * * LOW HITPOINT WARNING * * *
A ball python comes into view.
Found a stone staircase leading down.
The kobold throws a stone.
The stone closely misses you.
A bat comes into view.
The ball python closely misses you. The ball python grabs you.
The ball python constricts you.
You escape the ball python's grasp.
The kobold throws a stone.
The stone hits you.
You die...

.....#...# . #.#.
.......#.###
#.#...####...... #.#
#.#.#.......... #.####
##...b....#..... #...≈P
..............# #.##P≈
..>.......#.#.# #.##PP .
#........... #P≈P##
..##...@........ #PP≈##
#.....S.......##..#≈P≈..
####..............######
####....................
#......K...............#
........................
..............#..#.....#
#.......................
..............#..####.#.


You could see a bat, a ball python and a kobold.

Vanquished Creatures
  An endoplasm (D:1)
  A hobgoblin (D:1)
  2 kobolds (D:1)
  3 bats (D:1)
  2 rats (D:1)
9 creatures vanquished.

Notes
Turn   | Place    | Note
-------+----------+-------------------------------------------
     0 | D:1      | croobank the Human Cinder Acolyte began the quest for the
                  | Orb.
     0 | D:1      | Reached XP level 1. HP: 18/18 MP: 2/2
   171 | D:1      | Reached XP level 2. HP: 19/24 MP: 3/3
   174 | D:1      | Learned a level 2 spell: Scorch
   324 | D:1      | HP: 1/24 [kobold/stone (3)]
   331 | D:1      | Hit by a stone thrown by a kobold

Illustrated notes

Levels and vault maps discovered:
D:1:      psy_arrival_conway, layout_rooms

Action                   || total
-------------------------++-------
Melee: Hand axe          ||    22
 Cast: Scorch            ||     2
Armor: Robe              ||     5
Dodge: Dodged            ||    18

Table legend: (Time is in decaauts)
 A = Elapsed time spent in this place.
 B = Non-inter-level travel time spent in this place.
 C = Inter-level travel time spent in this place.
 D = Time resting spent in this place.
 E = Time spent auto-exploring this place.
 F = Levels seen in this place.
 G = Mean time per level.
                   A        B        C        D        E       F      G
               +--------+--------+--------+--------+--------+-----+--------+
         Total |    336 |    336 |      0 |      0 |    246 |   1 |  336.0 |
       Dungeon |    336 |    336 |      0 |      0 |    246 |   1 |  336.0 |
               +--------+--------+--------+--------+--------+-----+--------+

Top non-repeatable levels by time:
     D:1: 336 daAuts
